 Dungeon Crawl Stone Soup version 0.18.1-1-g2f07953 (webtiles) character file.

1931 M4edhros the Covert (level 9, -1/54 HPs)
             Began as an Octopode Artificer on May 7, 2016.
             Was an Initiate of Gozag.
             Slain by an orc warrior
             ... wielding a +0 war axe
              (26 damage)
             ... on level 7 of the Dungeon.
             The game lasted 00:11:50 (6883 turns).

M4edhros the Covert (Octopode Artificer)            Turns: 6883, Time: 00:11:53

Health: -1/54      AC:  1    Str: 10    XL:     9   Next: 17%
Magic:  11/11      EV: 14    Int: 14    God:    Gozag
Gold:   586        SH:  0    Dex: 19    Spells: 3 memorised, 0 levels left

rFire  . . .     SeeInvis +     y - +0 hunting sling "Leraahuo" {velocity, +Fly rPois Dex+3} (curse)
rCold  + . .     Gourm    .     (no shield)
rNeg   . . .     Faith    .     (helmet restricted)
rPois  +         Spirit   .     A - amulet of inaccuracy (curse)
rElec  .         Dismiss  .     j - ring of sustain attributes
rCorr  +         Reflect  .     n - ring of protection from cold
SustAt +         Harm     .     w - ring of see invisible
MR     .....                    s - ring of resist corrosion
Stlth  +++++++...               B - ring of wizardry
                                (no ring)
                                (no ring)
                                (no ring)

@: not resistant to hostile enchantments, extremely stealthy
A: almost no armour, amphibious, 8 rings, constrict 8, camouflage 1, gelatinous
body 1
a: Potion Petition, Call Merchant, Bribe Branch, Renounce Religion, Evoke Flight


You were on level 7 of the Dungeon.
You worshipped Gozag.
Gozag was noncommittal.
You were not hungry.

You visited 2 branches of the dungeon, and saw 8 of its levels.
You also visited: Sewer.

You collected 708 gold pieces.
You paid 122 gold pieces to Gozag.

Inventory:

Hand Weapons
 a - a +0 short sword
 i - a +4 quarterstaff of chaos
 p - a +0 hunting sling
 y - the cursed +0 hunting sling "Leraahuo" (weapon) {velocity, +Fly rPois Dex+3}
   (You found it on level 6 of the Dungeon)

   Any stone fired from it inflicts extra damage.
   It affects your dexterity (+3).
   It protects you from poison.
   It lets you fly.
   It has a curse placed upon it.
Missiles
 l - a throwing net
 q - 135 stones (quivered)
 v - 5 javelins of penetration
Armour
 o - a +1 buckler
Jewellery
 j - a ring of sustain attributes (left tentacle)
 n - a ring of protection from cold (right tentacle)
 s - a ring of resist corrosion (on tentacle)
 w - a ring of see invisible (on tentacle)
 A - a cursed amulet of inaccuracy (around mantle)
 B - a ring of wizardry (on tentacle)
Wands
 b - a wand of flame (0/48)
 c - a wand of enslavement (7/24)
 d - a wand of random effects (19/48)
Scrolls
 e - a scroll of fog
 h - 2 scrolls of enchant armour
 k - a scroll of random uselessness
Potions
 g - a potion of resistance
 r - a potion of agility {unknown}
 x - a potion of degeneration
 z - a potion of beneficial mutation {unknown}
Books
 u - a book of Battle

   Spells                             Type                      Level
   a - Infusion                       Charms                       1
   b - Shroud of Golubria             Charms/Translocation         2
   c - Song of Slaying                Charms                       2
   d - Spectral Weapon                Hexes/Charms                 3
   e - Regeneration                   Charms/Necromancy            3
Comestibles
 f - 5 bread rations
 m - 3 beef jerkies
 t - 2 slices of pizza


   Skills:
 + Level 1.8 Fighting
 - Level 1.0 Short Blades
 + Level 2.8 Dodging
 - Level 12.0 Stealth
 + Level 1.9 Shields
 - Level 4.7 Charms
 - Level 4.7 Necromancy
 - Level 3.2 Evocations


You couldn't memorise any spells.
You knew the following spells:

 Your Spells              Type           Power        Failure   Level  Hunger
a - Regeneration          Chrm/Necr      ##........   6%          3    ####...
b - Spectral Weapon       Hex/Chrm       #.......     16%         3    ####...
c - Shroud of Golubria    Chrm/Tloc      #.........   9%          2    ###....


Dungeon Overview and Level Annotations

Branches:
Dungeon (7/15)             Temple (1/1) D:6

Altars:
Ashenzari
Cheibriados
Dithmenos
Elyvilon
Fedhas
Gozag
Makhleb
Nemelex Xobeh
Okawaru
Pakellas
Qazlal
Sif Muna
Vehumet
Xom
Yredelemnul
Zin
The Shining One

Shops:
D:6 ?

Annotations:
D:7 exclusion: oklob plant


Innate Abilities, Weirdness & Mutations

You cannot wear most types of armour.
You are amphibious.
You can wear up to eight rings at the same time.
You can use your tentacles to constrict eight enemies at once.
Your skin changes colour to match your surroundings (Stealth).
Your rubbery body absorbs attacks (AC +1).


Message History

You closely miss the orc warrior. You grab the orc warrior.
You constrict the orc warrior.
The orc warrior escapes!
The orc barely misses you. The orc warrior closely misses you.
You see here a stone.
The orc warrior misses you.
You barely miss the orc. Your grab misses the orc.
The orc hits you with a hand axe.
You miss the orc warrior. Your grab misses the orc warrior.
Your squeeze misses the orc warrior.
The orc warrior is lightly wounded.
The orc warrior barely misses you. The orc misses you.
You miss the orc warrior. Your grab misses the orc warrior.
You squeeze the orc warrior.
The orc warrior is lightly wounded.
The orc warrior hits you with a war axe!!
Ouch! That really hurt!
The orc barely misses you.
The orc warrior hits you with a war axe!!
You die...
Your body crumbles into a pile of gold.

###### #....# ###....#
#.oo...# #(#@...##
#.#.....##########
........##.............#
........##.............#
.......................#
....$(..##.............#
.$......##.............#
...((...##.............#
..(.....######.#########


You could see an orc warrior and an orc.

Vanquished Creatures
  Sigmund (D:4)
  An ice beast (Sewer)
  2 ogres
  A phantom (D:3)
  2 centaurs (D:6)
  3 giant frogs (D:6)
  A scorpion (D:4)
  2 howler monkeys
  A wasp zombie (D:7)
  2 crimson imps (D:6)
  A jelly (D:6)
  2 hounds (D:6)
  Crazy Yiuf (D:2)
  2 giant frog skeletons
  An orc priest (D:6)
  An iron imp (D:6)
  3 gnolls (D:4)
  An iguana (D:5)
  An orc wizard (D:6)
  6 worker ants
  A killer bee zombie (D:5)
  A hound zombie (D:5)
  A hound skeleton (D:4)
  2 river rats (D:5)
  12 adders
  A shadow imp (D:6)
  A white imp (D:5)
  5 oozes
  An adder skeleton (D:5)
  5 worms
  3 dart slugs (D:2)
  8 giant geckos
  7 orcs
  4 giant cockroaches
  6 hobgoblins
  8 jackals
  5 kobolds
  7 quokkas
  7 bats
  2 giant gecko skeletons
  4 giant newts
  11 goblins
  A goblin skeleton (D:5)
  2 goblin zombies (D:5)
  A kobold skeleton (D:5)
  2 kobold zombies (D:5)
  14 rats
157 creatures vanquished.

Vanquished Creatures (collateral kills)
  An adder (D:4)
  An orc (D:6)
2 creatures vanquished.

Vanquished Creatures (others)
  A scorpion (D:4)
  An orc priest (D:6)
  A worker ant (D:4)
3 creatures vanquished.

Grand Total: 162 creatures vanquished

Notes
Turn   | Place    | Note
--------------------------------------------------------------
     0 | D:1      | M4edhros the Octopode Artificer began the quest for the Orb.
     0 | D:1      | Reached XP level 1. HP: 13/13 MP: 3/3
    25 | D:1      | Reached skill level 2 in Stealth
    29 | D:1      | Reached skill level 3 in Stealth
    29 | D:1      | Reached XP level 2. HP: 11/18 MP: 4/4
   198 | D:1      | Reached skill level 4 in Stealth
   273 | D:1      | Reached XP level 3. HP: 23/23 MP: 5/5
   642 | D:2      | Reached skill level 5 in Stealth
   643 | D:2      | Reached XP level 4. HP: 28/28 MP: 6/6
   720 | D:2      | HP: 1/28 [quokka (5)]
  1104 | D:2      | Reached skill level 6 in Stealth
  1286 | D:2      | Noticed Crazy Yiuf
  1383 | D:2      | Killed Crazy Yiuf
  1383 | D:2      | Reached XP level 5. HP: 17/33 MP: 7/7
  1434 | D:2      | Found a blossoming altar of Fedhas.
  1562 | D:2      | Reached skill level 7 in Stealth
  2158 | D:4      | Reached skill level 8 in Stealth
  2174 | D:4      | Reached XP level 6. HP: 15/38 MP: 8/8
  2570 | D:4      | Found an oddly glowing altar of Pakellas.
  2814 | D:4      | Reached skill level 9 in Stealth
  2920 | D:4      | Found a glowing silver altar of Zin.
  3316 | D:5      | Entered Level 5 of the Dungeon
  3320 | D:5      | Reached skill level 10 in Stealth
  3338 | D:5      | Reached XP level 7. HP: 30/43 MP: 9/9
  3366 | D:5      | Found a shadowy altar of Dithmenos.
  3374 | D:5      | Learned a level 3 spell: Regeneration
  3380 | D:5      | Found a shattered altar of Ashenzari.
  3471 | D:5      | Reached skill level 1 in Charms
  3471 | D:5      | Reached skill level 1 in Necromancy
  3483 | D:5      | Found a sparkling altar of Nemelex Xobeh.
  3578 | D:5      | Found a glowing golden altar of the Shining One.
  3749 | D:5      | Found a glowing drain.
  3759 | Sewer    | Entered a sewer
  3806 | Sewer    | Noticed Purgy
  3821 | Sewer    | Noticed Purgy
  3821 | Sewer    | Purgy changed into Purgy the ice beast
  3831 | Sewer    | Killed Purgy the ice beast
  4140 | D:6      | Found a staircase to the Ecumenical Temple.
  4145 | D:6      | Reached XP level 8. HP: 41/48 MP: 10/10
  4164 | Temple   | Entered the Ecumenical Temple
  4203 | Temple   | Became a worshipper of Gozag Ym Sagoz the Greedy
  4333 | D:3      | Found an iron altar of Okawaru.
  4402 | D:3      | Gained mutation: You are clumsy. (Dex -2) [potion of mutation]
  4402 | D:3      | Gained mutation: Your magical capacity is low (-10% MP). [potion of mutation]
  4402 | D:3      | Gained mutation: Your mind is acute. (Int +2) [potion of mutation]
  4771 | D:3      | Reached skill level 11 in Stealth
  4781 | D:3      | Noticed Sigmund
  5262 | D:4      | Lost mutation: You are clumsy. (Dex -2) [potion of cure mutation]
  5262 | D:4      | Lost mutation: Your magical capacity is low (-10% MP). [potion of cure mutation]
  5262 | D:4      | Lost mutation: Your mind is acute. (Int +2) [potion of cure mutation]
  5271 | D:4      | Killed Sigmund
  5412 | D:6      | Found a snail-covered altar of Cheibriados.
  5959 | D:6      | Reached skill level 12 in Stealth
  5959 | D:6      | Reached XP level 9. HP: 33/53 MP: 11/11
  6111 | D:6      | Got a shimmering hunting sling
  6112 | D:6      | Identified the cursed +0 hunting sling "Leraahuo" {velocity, +Fly rPois Dex+3} (You found it on level 6 of the Dungeon)
  6243 | D:6      | HP: 1/53 [orc priest/hand axe (7)]
  6244 | D:6      | Reached skill level 1 in Shields
  6491 | D:6      | Found Rouwaton's Magic Scroll Emporium.
  6771 | D:7      | Found a burning altar of Makhleb.
  6771 | D:7      | Noticed an oklob plant
  6849 | D:7      | Learned a level 3 spell: Spectral Weapon
  6852 | D:7      | Learned a level 2 spell: Shroud of Golubria
  6883 | D:7      | Slain by an orc warrior

Skill      XL: |  1  2  3  4  5  6  7  8  9 |
---------------+----------------------------+-----
Stealth        | 3 4 5 6 8 10 12 | 12.0
Charms         | 2 4 |  4.7
Necromancy     | 2 4 |  4.7
Shields        | 1 |  1.9
Fighting       | |  1.8
Short Blades   | |  1.0
Dodging        | |  2.8
Evocations     | |  3.2

Action                   |  1- 3 |  4- 6 |  7- 9 || total
-------------------------+-------+-------+-------++-------
Melee: Short sword       |    50 |    34 |       ||    84
       Tentacles         |     9 |    13 |    35 ||    57
       Constrict         |     9 |    21 |    40 ||    70
       Quarterstaff      |       |    60 |   158 ||   218
       Hunting sling     |       |       |    33 ||    33
 Fire: Hunting sling     |       |       |    33 ||    33
Evoke: Wand              |       |    13 |    28 ||    41
  Use: Potion            |     2 |     2 |     5 ||     9
       Scroll            |       |       |     9 ||     9
 Stab: Sleeping          |     5 |    18 |    35 ||    58
       Paralysed         |       |     1 |     1 ||     2
       Confused          |       |       |     1 ||     1
  Eat: Chunk             |       |     9 |     4 ||    13
       Meat ration       |       |       |     1 ||     1
       Bread ration      |       |       |     1 ||     1
Armor: Skin              |     4 |    14 |    10 ||    28
Dodge: Dodged            |    30 |    46 |   131 ||   207
